AoeStats
← 739697286

Arena

507514443Analyzed
4v4 RM · 15d ago on Sep 18, 2026· 21m 13s· 8 players
Game mode
Random Map
Map size
Large (8 player)
Population
200
Speed
Normal
Resources
Standard
Victory
Conquest
Starting age
Dark Age
Ending age
Imperial Age
RankedLock teamsTeams togetherTeam positionsShared explorationLock speedFull tech treeHidden civsTurbo modeCheats
Victory
Defeat
🇺🇸 Turks · United States
1497
+14
🇩🇪 Vietnamese · Germany
1443
+16
🇲🇩 Italians · Moldova
1425
+17
🇪🇸 Celts · Spain
1361
+19
🇹🇼 Lithuanians · Taiwan
1453
-17
🇨🇳 Celts · China
1450
-17
🇨🇦 Chinese · Canada
1426
-16
🇲🇽 Malians · Mexico
1419
-16
Sain
10:44 Feudal Age
11:53 Double-Bit Axe
17:48 Bloodlines
17:31 Loom
22:54 Castle Age
21:26 Horse Collar
tower rusher = kys
11:23 Feudal Age
12:12 Double-Bit Axe
12:09 Horse Collar
15:06 Castle Age
16:54 Bow Saw
17:16 Heavy Plow
Moerbsle
10:28 Feudal Age
14:19 Castle Age
12:46 Double-Bit Axe
14:09 Stone Mining
14:04 Horse Collar
15:11 Bow Saw
Chompskee
10:23 Feudal Age
14:24 Castle Age
13:53 Double-Bit Axe
16:48 Bow Saw
18:45 Horse Collar
20:17 Loom
Niccals_
7:46 Loom
9:56 Feudal Age
10:38 Double-Bit Axe
10:47 Stone Mining
10:44 Horse Collar
13:49 Fletching
steveo9976
0:29 Loom
10:42 Feudal Age
15:10 Castle Age
13:34 Double-Bit Axe
13:50 Horse Collar
TwBestShaco
10:10 Feudal Age
10:55 Double-Bit Axe
13:38 Castle Age
13:53 Horse Collar
14:35 Heavy Plow
21:17 Wheelbarrow
739697286
11:06 Feudal Age
11:52 Double-Bit Axe
15:07 Castle Age
13:17 Horse Collar
14:21 Loom
14:30 Gold Mining
16:11 Bow Saw
16:25 Heavy Plow
19:50 Wheelbarrow
Connection lost

Rejoining the realm…

Still unreachable

The connection could not be restored.

Session expired

The server has moved on; the page needs a fresh start.